 Dungeon Crawl Stone Soup version 0.28-a0-984-g3775c662fe (webtiles) character file.

Game seed: 12503953020161690925

229 rogsnak the Gusty (level 5, -8/40 HPs)
             Began as a Draconian Air Elementalist on Dec 4, 2021.
             Mangled by a black bear (10 damage)
             ... on level 4 of the Dungeon.
             The game lasted 00:07:50 (3789 turns).

rogsnak the Gusty (Draconian Air Elementalist)      Turns: 3789, Time: 00:07:51

Health: -8/40      AC:  6    Str: 11    XL:     5   Next: 71%
Magic:  1/9        EV: 12    Int: 17    God:
Gold:   144        SH:  0    Dex: 11    Spells: 1/9 levels left

rFire   . . .      SeeInvis .   m - +3 rapier
rCold   . . .      Faith    .   (no shield)
rNeg    . . .      Spirit   .   (armour unavailable)
rPois   .          Reflect  .   (helmet restricted)
rElec   .          Harm     .   (no cloak)
rCorr   .          Rampage  .   o - +0 pair of gloves
Will    .....                   (no boots)
Stlth   ++........              (no amulet)
HPRegen 0.13/turn               (no ring)
MPRegen 0.11/turn               (no ring)

@: very slightly contaminated
A: AC +5, unfitting armour, cold-blooded
a: no special abilities


You were on level 4 of the Dungeon.
You visited 1 branch of the dungeon, and saw 4 of its levels.

You collected 144 gold pieces.

Inventory:

Hand Weapons
 c - a +0 short sword
 f - a +0 spear
 h - a +0 mace
 m - a +3 rapier (weapon)
 q - a +2 whip of draining
Missiles
 b - 121 stones
 s - 10 poisoned darts
Armour
 o - a +0 pair of gloves (worn)
Jewellery
 p - a ring of ice
Wands
 r - a wand of charming (10)
Scrolls
 d - 3 scrolls of identify {unknown}
 e - 5 scrolls of vulnerability {unknown}
 n - a scroll of torment {unknown}
Potions
 a - 3 potions of cancellation {unknown}
 g - 2 potions of curing {unknown}
 i - a potion of heal wounds {unknown}
 j - a potion of resistance {unknown}
 k - a potion of haste {unknown}
 l - 3 potions of might {unknown}
 t - a potion of mutation {unknown}


   Skills:
 + Level 1.0 Fighting
 + Level 2.2 Dodging
 + Level 1.9 Stealth
 + Level 2.8 Spellcasting
 * Level 3.4 Conjurations
 + Level 4.4 Air Magic


You had one spell level left.
You knew the following spells:

 Your Spells              Type           Power      Damage    Failure   Level
a - Shock                 Conj/Air       60%        1d6       3%          1
b - Swiftness             Air            17%        N/A       9%          3
c - Airstrike             Air            8%         N/A       28%         4

Your spell library contained the following spells:

 Spells                   Type           Power      Damage    Failure   Level
 Static Discharge         Conj/Air       15%        N/A       5%          2
 Stone Arrow              Conj/Erth      16%        3d8       26%         3
 Lehudib's Crystal Spear  Conj/Erth      4%         10d3      100%        8
 Animate Armour           Summ/Erth      Unusable   N/A       N/A         4

Dungeon Overview and Level Annotations

Branches:
Dungeon (4/15)
 Temple: D:4-7

Altars:
Okawaru


Innate Abilities, Weirdness & Mutations

Your plain brown scales are hard. (AC +5)
You cannot fit into any form of body armour.
You are cold-blooded and may be slowed by cold attacks.


Message History

The black bear claws you but does no damage. x2
The black bear closely misses you.
The black bear claws you but does no damage.
The black bear claws you.
You closely miss the black bear.
The black bear is heavily wounded.
The black bear bites you. The black bear misses you.
The black bear claws you but does no damage.
You hit the black bear but do no damage.
The black bear is heavily wounded.
The black bear bites you but does no damage.
The black bear claws you but does no damage.
The black bear claws you.
* * * LOW HITPOINT WARNING * * *
You hit the black bear.
The black bear is severely wounded.
The black bear goes berserk!
You hit the black bear.
The black bear is almost dead.
The black bear bites you but does no damage.
The black bear closely misses you.
The black bear claws you but does no damage.
The black bear bites you!
* * * LOW HITPOINT WARNING * * *
The black bear closely misses you. The black bear claws you.
* * * LOW HITPOINT WARNING * * *
Casting: Shock (safe; 3% risk of failure)
Confirm with . or Enter, or press ? or * to list all spells.
The spell is quite dangerous to miscast (28% risk of failure)!
Continue anyway?
Aiming: Airstrike (quite dangerous; 28% risk of failure)
Press: ? - help, Dir - move target, f/p - black bear
Aim: a black bear (almost dead, berserk, empty space bonus: 3/8)
You miscast Airstrike.
You are very lightly contaminated with residual magic.
Nothing appears to happen.
The black bear barely misses you.
The black bear claws you but does no damage.
The black bear closely misses you.
Unknown command.
Found 12 stones.
The black bear bites you!
You die...

#.# #.# #.# #.#
#.# #### # #.#
....#
##.##.#.##.....#
.......@h......#
#######.##.....#
#..# ....# #.##
.### #. # #. #(
##


You could see a black bear (berserk).

Vanquished Creatures
  Terence (D:3)
  An orc wizard (D:3)
  5 gnolls
  6 adders
  A shadow imp (D:3)
  A worm (D:2)
  A dart slug (D:2)
  4 orcs (D:3)
  5 endoplasms (D:1)
  A giant cockroach (D:2)
  8 goblins
  6 hobgoblins
  4 jackals (D:1)
  3 quokkas
  4 ball pythons
  A bat (D:1)
  2 frilled lizards (D:1)
  7 kobolds
  3 rats
64 creatures vanquished.

Notes
Turn   | Place    | Note
-------+----------+-------------------------------------------
     0 | D:1      | rogsnak the Draconian Air Elementalist began the quest for
                  | the Orb.
     0 | D:1      | Reached XP level 1. HP: 14/14 MP: 3/3
   292 | D:1      | Reached XP level 2. HP: 20/20 MP: 1/5
  1097 | D:2      | Reached XP level 3. HP: 26/26 MP: 2/6
  1468 | D:2      | Reached XP level 4. HP: 34/34 MP: 3/7
  2695 | D:3      | Noticed Terence
  2702 | D:2      | Learned a level 3 spell: Swiftness
  2707 | D:2      | Learned a level 4 spell: Airstrike
  2853 | D:3      | Reached skill level 4 in Air Magic
  2853 | D:3      | Reached XP level 5. HP: 25/39 MP: 0/8
  2994 | D:3      | Found a faded altar of an unknown god.
  3266 | D:3      | Killed Terence
  3574 | D:3      | Reached skill level 1 in Fighting
  3574 | D:3      | Found an iron altar of Okawaru.
  3774 | D:4      | Noticed a black bear
  3787 | D:4      | HP: 2/40 [black bear (10)]
  3789 | D:4      | Mangled by a black bear

Illustrated notes

Levels and vault maps discovered:
D:1:      minmay_arrival_stone_box, layout_basic, minivault_5
D:2:      layout_basic, nrook_mini_backslash
D:3:      layout_basic, okawaru_altar_gauntlet_db,
          ebering_ecumenical_altar_petrified, uniq_terence
D:4:      layout_loops_ring, nicolae_ossuary_entry_false_entrances

Skill      XL: |  1  2  3  4  5 |
---------------+----------------+-----
Conjurations   | 2 3 |  3.4
Dodging        | 2 |  2.2
Air Magic      | 4 |  4.4
Fighting       | 1 |  1.0
Stealth        | |  1.9
Spellcasting   | |  2.8

Action                   |  1- 3 |  4- 6 || total
-------------------------+-------+-------++-------
Melee: Short sword       |     9 |       ||     9
       Unarmed           |     6 |       ||     6
       Tailslap          |     2 |     2 ||     4
       Spear             |     2 |     3 ||     5
       Rapier            |       |    53 ||    53
 Cast: Shock             |    64 |    75 ||   139
 Stab: Sleeping          |     1 |       ||     1
Armor: Skin              |    10 |    26 ||    36
Dodge: Dodged            |    12 |    40 ||    52

Table legend: (Time is in decaauts)
 A = Elapsed time spent in this place.
 B = Non-inter-level travel time spent in this place.
 C = Inter-level travel time spent in this place.
 D = Time resting spent in this place.
 E = Time spent auto-exploring this place.
 F = Levels seen in this place.
 G = Mean time per level.
                   A        B        C        D        E       F      G
               +--------+--------+--------+--------+--------+-----+--------+
         Total |   3801 |   3721 |     80 |    939 |   1970 |   4 |  950.2 |
       Dungeon |   3801 |   3721 |     80 |    939 |   1970 |   4 |  950.2 |
               +--------+--------+--------+--------+--------+-----+--------+

Top non-repeatable levels by time:
     D:2: 1674 daAuts
     D:1: 1111 daAuts
     D:3: 999 daAuts
     D:4: 16 daAuts
